 Dungeon Sprint DCSS version 0.23.0-38-g208d714 (webtiles) character file.

Game seed: 1753990856859842472

22773 Fang the Warrior (level 13, -12/97 HPs)
             Began as a Gargoyle Berserker on Feb 27, 2019.
             Was the Champion of Trog.
             Blown up by an orb spider (36 damage)
             ... with an orb of destruction
             ... in the Dungeon (Sprint V: "Ziggurat Sprint").
             The game lasted 00:04:01 (1508 turns).

Fang the Warrior (Gargoyle Berserker)               Turns: 1508, Time: 00:04:01

Health: -12/97     AC: 44    Str: 42    XL:     13   Next: 2%
Magic:  13/13      EV: 15    Int:  9    God:    Trog [******]
Gold:   0          SH:  0    Dex:  9    Spells: 12/12 levels left

rFire    . . .     SeeInvis +   K - +7 war axe of Upiucw {chop, Str+5}
rCold    . . .     Gourm    +   (no shield)
rNeg     + . .     Faith    .   j - +15 Maxwell's patent armour {-Cast -Tele rElec MR+ rCorr}
rPois    ∞         Spirit   .   L - +0 helmet {SInv}
rElec    +         Reflect  .   (no cloak)
rCorr    +         Harm     .   (no gloves)
MR       +....     NoTele   +   (no boots) Stlth ..........NoCast +
                                a - amulet of the gourmand
HPRegen  0.26/turn              D - +6 ring of strength
MPRegen  0.13/turn              E - +6 ring of strength

@: berserk cooldown, slowed, studying Unarmed Combat, very slow
A: negative energy resistance 1, electricity resistance, unbreathing,
petrification resistance, rot immunity, AC +9
a: Berserk, Trog's Hand, Brothers in Arms, Renounce Religion


You were in the Dungeon.
You worshipped Trog.
Trog was exalted by your worship.
You were very full.

You visited 1 branch

Inventory:

Hand Weapons
 k - a +5 executioner's axe
 A - a +3 antimagic battleaxe
 C - a +4 battleaxe of flaming
 F - a +4 antimagic war axe
 I - a +4 vampiric battleaxe
 K - the +7 war axe of Upiucw (weapon) {chop, Str+5}
   (You found it in the Dungeon)

   It inflicts extra damage upon your enemies.
   It affects your strength (+5).
Armour
 j - the +15 Maxwell's patent armour (worn) {-Cast -Tele rElec MR+ rCorr}
   (You found it in the Dungeon)

   It insulates you from electricity.
   It affects your resistance to hostile enchantments.
   It prevents spellcasting.
   It prevents most forms of teleportation.
   It provides partial protection from all sources of acid and corrosion.
 L - a +0 helmet of see invisible (worn)
Jewellery
 a - an amulet of the gourmand (around neck)
 b - the amulet of the Dragon {+Rage rPois}
   (You found it in the Dungeon)

   [amulet of rage]

   It protects you from poison.
   It lets you go berserk.
 B - the ring "Wuzyin" {Wiz rC+ Dex-4 Slay+5}
   (You found it in the Dungeon)

   [ring of wizardry]

   It improves your spell success rate.
   It affects your dexterity (-4).
   It affects your accuracy and damage with ranged weapons and melee attacks
   (+5).
   It protects you from cold.
 D - a +6 ring of strength (left hand)
 E - a +6 ring of strength (right hand)
 G - the amulet of Wekeciwi {Reflect +Inv rPois rF+ Int+3 SH+6}
   (You found it in the Dungeon)

   [amulet of reflection]

   It shields you and reflects attacks.
   It affects your intelligence (+3).
   It protects you from fire.
   It protects you from poison.
   It lets you turn invisible.
   It affects your SH (+6).
Wands
 w - a wand of disintegration (7)
 x - a wand of iceblast (7)
 y - a wand of acid (7)
Scrolls
 i - 4 scrolls of blinking
 l - 7 scrolls of fog
 m - a scroll of holy word
 n - 4 scrolls of identify
 o - 5 scrolls of remove curse
 p - 2 scrolls of fear
Potions
 d - 10 potions of curing
 e - 10 potions of heal wounds
 f - 6 potions of haste
 g - 7 potions of magic
 h - 3 potions of berserk rage
 q - 2 potions of brilliance
 r - 2 potions of invisibility
 s - 4 potions of resistance
 t - a potion of experience
 u - 5 potions of agility
 v - 6 potions of might
Books
 H - a manual of Unarmed Combat
Miscellaneous
 z - 2 boxes of beasts
 J - a sack of spiders
Comestibles
 c - 7 rations


   Skills:
 + Level 17.6 Fighting
 + Level 15.2 Axes
 + Level 17.5 Armour
 + Level 14.0 Dodging


You had 12 spell levels left.
You didn't know any spells.
Your spell library was empty.

Dungeon Overview and Level Annotations

Branches:
Dungeon (1/1)

Altars:
Ashenzari
Cheibriados
Dithmenos
Elyvilon
Fedhas
Gozag
Hepliaklqana
Kikubaaqudgha
Makhleb
Nemelex Xobeh
Okawaru
Qazlal
Ru
Sif Muna
Trog
Uskayaw
Vehumet
Wu Jian
Xom
Yredelemnul
Zin
The Shining One
Beogh
Jiyva
Lugonu

Annotations:
D 1 transporter


Innate Abilities, Weirdness & Mutations

You are resistant to torment.
Your stone body is resilient. (AC +9)
You are immune to poison.
You resist negative energy. (rN+)
You are resistant to electric shocks. (rElec)
You can survive without breathing.
You are immune to petrification.
You are immune to rotting.


Message History

You slice the wolf spider!!
You kill the wolf spider!
Trog accepts your kill.
The orb spider begins to weave its threads into a brightly glowing ball.
Unknown command.
Things that are here:
a demonic crawler corpse; a tarantella corpse You feel a strong urge to attack something.
Things that are here:
a demonic crawler corpse; a tarantella corpse You feel your anger nearly subside.
The orb spider weaves a glowing orb of energy. x2 2 orbs of destruction come into view.
You see here a glowing battleaxe {god gift}.
You are no longer berserk.
You are exhausted.
You feel yourself slow down.
The orbs collide in a blinding explosion!
The orb of destruction hits you!!!
You die...

▓....8©8....▓....©....▓.
▓..=|=|):)..▓▓▓▓▓▓▓▓▓▓▓▓
▓...[[}|[...▓...8©8...▓.
▓...........▓..[||....▓.
▓...s.s.....▓...:)=...▓.
▓....°○.....▓.........▓.
▓....○☼†....▓.........▓.
▓....†)†....▓.........▓.
▓..▓...@.▓..▓...))))..▓.
▓...........▓...)()...▓.
▓.....©.....▓....©)...▓.
▓▓▓▓▓▓▓▓▓▓▓▓▓▓▓▓▓▓▓▓▓▓▓▓
▓...8©8...▓...8©8...▓...
▓..).))|..▓..}||[:..▓..)
▓..:")|)..▓..:)}))..▓...
▓.........▓.........▓...
▓.........▓.........▓...


You could see 2 orb spiders.

Vanquished Creatures
  2 shadow dragons (D)
  A ghoul (D)
  A green draconian (D)
  A purple draconian (D)
  A white draconian (D)
  A red draconian (D)
  An ogre mage (D)
  A centaur warrior (D)
  6 soul eaters (D)
  2 large abominations (D)
  An unseen horror (D)
  2 wolf spiders (D)
  A cyclops (D)
  A moth of wrath (D)
  A vault sentinel (D)
  5 toenail golems (D)
  A smoke demon (D)
  2 demonic crawlers (D)
  6 merfolk (D)
  A blink frog (D)
  A hornet (D)
  2 wind drakes (D)
  2 hippogriffs (D)
  3 air elementals (D)
  2 spriggans (D)
  4 tarantellas (D)
  3 basilisks (D)
  A chaos spawn (D)
  4 black bears (D)
  A wolf (D)
  A crimson imp (D)
  2 iron imps (D)
  2 iguanas (D)
  A river rat (D)
  A shadow imp (D)
  A white imp (D)
  2 spectral adders (D)
  An adder zombie (D)
  2 adder skeletons (D)
  A spectral bat (D)
  A bat skeleton (D)
  2 bat zombies (D)
  A ball python skeleton (D)
  A quokka skeleton (D)
  A spectral giant cockroach (D)
81 creatures vanquished.

Vanquished Creatures (collateral kills)
  A green draconian (D)
  2 draconians (D)
3 creatures vanquished.

Vanquished Creatures (others)
  A wind drake (D)
1 creature vanquished.

Grand Total: 85 creatures vanquished

Notes
Turn   | Place    | Note
-------+----------+-------------------------------------------
     0 | D        | Found the +6 Majin-Bo {vamp, Archmagi MP+6 Int+6}
     0 | D        | Found the +7 great mace "Firestarter" {inner flame, rF++}
     0 | D        | Fang the Gargoyle Berserker began the quest for the Orb.
     0 | D        | Reached XP level 1. HP: 14/14 MP: 1/1
     3 | D        | Found a blossoming altar of Fedhas.
     4 | D        | Found a viscous altar of Jiyva.
     4 | D        | Found a transporter.
     4 | D        | Found a hazy altar of Hepliaklqana.
     4 | D        | Found an ancient bone altar of Kikubaaqudgha.
     4 | D        | Found an opulent altar of Gozag.
     4 | D        | Found a corrupted altar of Lugonu.
     8 | D        | Found a burning altar of Makhleb.
    10 | D        | Found an iron altar of Okawaru.
    10 | D        | Found a stormy altar of Qazlal.
    10 | D        | Found a sparkling altar of Nemelex Xobeh.
    10 | D        | Found a sacrificial altar of Ru.
    10 | D        | Found a deep blue altar of Sif Muna.
    15 | D        | Found the +9 heavy crossbow "Sniper" {velocity, Acc+∞ SInv}
    15 | D        | Found the +10 dark maul {crush}
    15 | D        | Found the +15 Maxwell's patent armour {-Cast -Tele rElec
                  | MR+ rCorr}
    15 | D        | Found the +18 shield of the Gong {rElec rN+ MR+ EV-5}
    15 | D        | Found the cursed +14 obsidian axe {chop, +Fly SInv *Curse}
    29 | D        | Found a bloodstained altar of Trog.
    71 | D        | Entered arena 2.
    71 | D        | Noticed a toenail golem
    71 | D        | Noticed a toenail golem
    71 | D        | Found a transporter.
    75 | D        | Killed a toenail golem
    75 | D        | Reached skill level 5 in Dodging
    75 | D        | Reached XP level 2. HP: 25/25 MP: 2/2
    75 | D        | Reached XP level 3. HP: 29/29 MP: 3/3
    75 | D        | Reached XP level 4. HP: 35/35 MP: 4/4
    75 | D        | Reached XP level 5. HP: 39/39 MP: 5/5
    75 | D        | Reached XP level 6. HP: 44/44 MP: 6/6
    78 | D        | Killed a toenail golem
    78 | D        | Reached XP level 7. HP: 51/51 MP: 7/7
   186 | D        | Entered arena 3.
   186 | D        | Noticed a toenail golem
   186 | D        | Noticed a toenail golem
   186 | D        | Noticed a toenail golem
   186 | D        | Found a transporter.
   187 | D        | Found the +6 lightning scales {run, rElec}
   194 | D        | Killed a toenail golem
   194 | D        | Reached ** piety under Trog
   194 | D        | Reached skill level 10 in Fighting
   194 | D        | Reached XP level 8. HP: 57/57 MP: 8/8
   194 | D        | Killed a toenail golem
   194 | D        | Reached skill level 10 in Armour
   195 | D        | Killed a toenail golem
   195 | D        | Reached XP level 9. HP: 64/64 MP: 9/9
   239 | D        | Entered arena 4.
   239 | D        | Noticed a vault sentinel
   239 | D        | Noticed a centaur warrior
   239 | D        | Noticed an ogre mage
   239 | D        | Found a transporter.
   243 | D        | Killed a centaur warrior
   243 | D        | Reached *** piety under Trog
   243 | D        | Reached skill level 10 in Axes
   243 | D        | Paralysed by an ogre mage for 3 turns
   246 | D        | Killed an ogre mage
   247 | D        | Killed an unseen horror
   247 | D        | Reached XP level 10. HP: 66/72 MP: 10/10
   249 | D        | Killed a vault sentinel
   249 | D        | Reached **** piety under Trog
   249 | D        | Reached skill level 10 in Dodging
   259 | D        | Got the amulet of the Dragon {+Rage rPois}
   271 | D        | Entered arena 5.
   271 | D        | Found a transporter.
   276 | D        | Reached ***** piety under Trog
   284 | D        | Entered arena 6.
   284 | D        | Noticed a smoke demon
   284 | D        | Noticed a large abomination
   284 | D        | Found a transporter.
   289 | D        | Killed a smoke demon
   294 | D        | Killed a large abomination
   428 | D        | Entered arena 7.
   429 | D        | Identified the +4 quarterstaff of Omuso {freeze, +Blink
                  | rPois rC++ Str-5}
   429 | D        | Identified the cursed +3 shortbow "Lifebane" {velocity,
                  | rN++ Dex+8}
   429 | D        | Found a transporter.
   433 | D        | Received a gift from Trog
   476 | D        | Entered arena 8.
   477 | D        | Found a transporter.
   482 | D        | Received a gift from Trog
   489 | D        | Got the ring "Wuzyin" {Wiz rC+ Dex-4 Slay+5}
   718 | D        | Entered arena 9.
   718 | D        | Noticed a draconian
   718 | D        | Noticed a red draconian
   718 | D        | Noticed a purple draconian
   718 | D        | Noticed a green draconian
   718 | D        | Noticed a white draconian
   718 | D        | Noticed a draconian
   718 | D        | Noticed a green draconian
   719 | D        | Found a transporter.
   725 | D        | Killed a red draconian
   725 | D        | Reached XP level 11. HP: 80/80 MP: 3/11
   725 | D        | Killed a draconian
   730 | D        | Killed a green draconian
   730 | D        | Killed a green draconian
   731 | D        | Killed a draconian
   731 | D        | Received a gift from Trog
   735 | D        | Killed a white draconian
   735 | D        | Reached skill level 15 in Fighting
   741 | D        | Killed a purple draconian
   741 | D        | Reached skill level 15 in Armour
   888 | D        | Entered arena 10.
   888 | D        | Noticed a cyclops
   906 | D        | Found a transporter.
   920 | D        | Reached ****** piety under Trog
   926 | D        | Killed a cyclops
   932 | D        | Received a gift from Trog
   982 | D        | Entered arena 11.
   983 | D        | Found a transporter.
   993 | D        | Received a gift from Trog
  1003 | D        | Reached XP level 12. HP: 77/88 MP: 12/12
  1019 | D        | Got the +7 war axe of Upiucw {chop, Str+5}
  1050 | D        | Entered arena 12.
  1050 | D        | Noticed a soul eater
  1050 | D        | Noticed a soul eater
  1050 | D        | Noticed a soul eater
  1051 | D        | Noticed a soul eater
  1060 | D        | Received a gift from Trog
  1062 | D        | Killed a soul eater
  1068 | D        | Killed a soul eater
  1068 | D        | Killed a soul eater
  1071 | D        | Killed a soul eater
  1208 | D        | Found a transporter.
  1297 | D        | Entered arena 13.
  1297 | D        | Noticed a ghoul
  1297 | D        | Noticed a soul eater
  1297 | D        | Noticed a soul eater
  1298 | D        | Noticed a shadow dragon
  1298 | D        | Noticed a shadow dragon
  1299 | D        | Found a transporter.
  1305 | D        | Killed a soul eater
  1312 | D        | Killed a ghoul
  1312 | D        | Received a gift from Trog
  1315 | D        | Killed a shadow dragon
  1316 | D        | Killed a shadow dragon
  1317 | D        | Killed a soul eater
  1355 | D        | Got the amulet of Wekeciwi {Reflect +Inv rPois rF+ Int+3
                  | SH+6}
  1486 | D        | Entered arena 14.
  1489 | D        | Found a transporter.
  1494 | D        | Reached skill level 15 in Axes
  1496 | D        | Received a gift from Trog
  1501 | D        | Reached XP level 13. HP: 37/96 MP: 13/13
  1508 | D        | Blown up by an orb spider

Skill      XL: |  1  2  3  4  5  6  7  8  9 10 11 12 |
---------------+-------------------------------------+-----
Fighting       | 8 9 10 11 12 14 15 17 | 17.6
Axes           | 6 7 8 9 10 12 13 15 | 15.2
Armour         | 7 9 10 12 14 15 17 | 17.5
Dodging        | 5 6 7 8 9 11 12 14 | 14.0

Action                   |  1- 3 |  4- 6 |  7- 9 | 10-12 | 13-15 || total
-------------------------+-------+-------+-------+-------+-------++-------
Melee: Executioner's axe |     2 |     3 |    11 |    22 |       ||    38
       Battleaxe         |       |       |       |    81 |       ||    81
       War axe           |       |       |       |    45 |     1 ||    46
Invok: Berserk           |     1 |       |     1 |     5 |       ||     7
       Brothers in Arms  |       |       |       |     2 |       ||     2
  Use: Scroll            |       |       |       |     1 |       ||     1
 Stab: Distracted        |       |       |       |     3 |       ||     3
  Eat: Chunk             |       |       |       |    26 |       ||    26
Armor: Plate armour      |     3 |     1 |    39 |   199 |     1 ||   243
Dodge: Dodged            |     2 |     2 |     6 |   210 |       ||   220
